 Dungeon Crawl Stone Soup version 0.25-a0-785-gb22c70e859 (webtiles) character file.

Game seed: 4631897091243912432, levelgen mode: deterministic

9 mortelune the Vexing (level 2, 0/16 HPs)
             Began as a Kobold Arcane Marksman on Apr 17, 2020.
             Succumbed to a goblin's poison
             ... on level 1 of the Dungeon.
             The game lasted 00:01:06 (203 turns).

mortelune the Vexing (Kobold Arcane Marksman)        Turns: 203, Time: 00:01:07

Health: 0/16       AC:  2    Str:  7    XL:     2   Next: 25%
Magic:  3/3        EV: 15    Int: 14    God:
Gold:   18         SH:  0    Dex: 15    Spells: 2/3 levels left

rFire    . . .     SeeInvis .   b - +2 whip (elec)
rCold    . . .     Gourm    .   (shield restricted)
rNeg     . . .     Faith    .   e - +0 robe
rPois    .         Spirit   .   (no helmet)
rElec    .         Reflect  .   (no cloak)
rCorr    .         Harm     .   (no gloves)
MR       .....                  (no boots)
Stlth    +.........             (no amulet)
HPRegen  0.05/turn              (no ring)
MPRegen  0.08/turn              (no ring)

@: lethally poisoned (0 -> -4), very slightly contaminated
A: small, carnivore
a: no special abilities


You were on level 1 of the Dungeon.
You were very full.

You visited 1 branch of the dungeon, and saw 1 of its levels.

You collected 18 gold pieces.

Inventory:

Hand Weapons
 a - a +0 hand crossbow
 b - a +2 whip of electrocution (weapon)
Missiles
 d - 20 bolts
Armour
 e - a +0 robe (worn)
Comestibles
 f - a ration


   Skills:
 + Level 1.4 Fighting
 * Level 2.8 Crossbows
 + Level 2.6 Dodging
 - Level 1.1 Spellcasting
 + Level 3.1 Hexes


You had 2 spell levels left.
You knew the following spells:

 Your Spells              Type           Power        Failure   Level  Hunger
a - Corona                Hex            #......      7%          1    ##.....

Your spell library contained the following spells:

 Spells                   Type           Power        Failure   Level  Hunger
 Slow                     Hex            #.......     11%         2    ###....
 Inner Flame              Hex/Fire       #.......     38%         3    ####...
 Portal Projectile        Hex/Tloc       #.....       38%         3    ####...
 Cause Fear               Hex            #.........   56%         4    #####..
 Leda's Liquefaction      Hex/Erth       #.........   80%         4    #####..


Dungeon Overview and Level Annotations

Branches:
Dungeon (1/15)

Altars:


Innate Abilities, Weirdness & Mutations

You are small and have problems with some larger weapons.
You are carnivorous and can eat meat at any time.


Message History

Press: ? - help, Dir - move target cursor You are very lightly contaminated with residual magic.
As you read the scroll labeled BUITE TEJOA, it crumbles to dust.
It was a scroll of blinking.
You feel sick.
The hobgoblin shouts!
As you read the scroll labeled ITUAPS CIOZEM, it crumbles to dust.
It is a scroll of identify.
You don't have any unidentified items.
You feel sick.
* * * LOW HITPOINT WARNING * * *
You feel sick.
* * * LOW HITPOINT WARNING * * *
You feel sick.
* * * LOW HITPOINT WARNING * * *
You feel sick.
You enter the shallow water.
Moving in this stuff is going to be slow.
* * * LOW HITPOINT WARNING * * *
You feel sick.
You die...

#...#....##.#... ##
#...#....# #...# ...
#...#....# #....
#.#####...#....# #....
.##.PP..####....# ####.
....≈≈♣..######### ###
..≈≈P≈≈≈g........# ###..
.♣≈.≈≈≈≈..######.# #.(..
.P.≈≈≈≈@..# #.#..
..≈.≈≈≈≈..# #.#..
..P≈≈≈≈≈P## #.###
..≈.≈≈≈♣(## #.#
..♣≈≈..≈.)# #.###
#..≈≈≈≈≈♣.# #.÷..
##.P≈≈≈.#.##############
#..♣.P.....)...........
####.....##############


You could see a hobgoblin.

Vanquished Creatures
  A leopard gecko (D:1)
  A goblin (D:1)
  A hobgoblin (D:1)
  3 kobolds (D:1)
  3 frilled lizards (D:1)
9 creatures vanquished.

Notes
Turn   | Place    | Note
-------+----------+-------------------------------------------
     0 | D:1      | mortelune the Kobold Arcane Marksman began the quest for
                  | the Orb.
     0 | D:1      | Reached XP level 1. HP: 12/12 MP: 2/2
   149 | D:1      | Reached XP level 2. HP: 16/16 MP: 3/3
   203 | D:1      | Succumbed to a goblin's poison

Levels and vault maps discovered:
D:1:      dpeg_arrival_pond, layout_basic, dk_noncrumbling_2,
          serial_bayou_pond_b

Action                   || total
-------------------------++-------
Melee: Whip              ||    11
 Fire: Hand crossbow     ||     7
  Use: Scroll            ||     2
  Eat: Chunk             ||     4
Dodge: Dodged            ||     6

Table legend:
 A = Non-vault XP
 B = Vault XP
 C = Vault XP percentage of total XP
 D = Non-vault monster count
 E = Vault monster count
 F = Vault count percentage of total count
                 A         B        C        D         E       F
            +---------+---------+-------+---------+---------+-------
      Total |       7 |       7 |  50.0 |       5 |       4 |  44.4
            +---------+---------+-------+---------+---------+-------
        D:1 |       7 |       7 |  50.0 |       5 |       4 |  44.4
            +---------+---------+-------+---------+---------+-------
